 Dungeon Crawl Stone Soup version 0.21-a0-584-g185da8e (webtiles) character file.

43 Coron the Firebug (level 3, -6/31 HPs)
             Began as a Deep Dwarf Fire Elementalist on Dec 21, 2017.
             Was an Initiate of Kikubaaqudgha.
             Mangled by Sigmund
             ... wielding a +3 scythe of slicing
              (11 damage)
             ... on level 2 of the Dungeon.
             The game lasted 00:06:47 (1867 turns).

Coron the Firebug (Deep Dwarf Fire Elementalist)    Turns: 1867, Time: 00:06:47

Health: -6/31      AC:  4    Str: 12    XL:     3   Next: 37%
Magic:  1/6        EV: 12    Int: 15    God:    Kikubaaqudgha [......]
Gold:   87         SH:  0    Dex: 13    Spells: 5/6 levels left

rFire    . . .     SeeInvis .   l - +0 hand axe
rCold    . . .     Gourm    .   (no shield)
rNeg     . . .     Faith    .   q - +0 leather armour
rPois    .         Spirit   .   (no helmet)
rElec    .         Reflect  .   (no cloak)
rCorr    .         Harm     .   (no gloves)
MR       .....                  n - +0 pair of boots
Stlth    ++........             (no amulet)
HPRegen  0.00/turn              t - ring of flight
MPRegen  0.10/turn              (no ring)

@: very slightly contaminated, non-regenerating
A: damage resistance, heal wounds, sense surroundings 1, no regeneration
a: Heal Wounds, Renounce Religion, Evoke Flight


You were on level 2 of the Dungeon.
You worshipped Kikubaaqudgha.
Kikubaaqudgha was noncommittal.
You were not hungry.

You visited 1 branch of the dungeon, and saw 2 of its levels.

You collected 87 gold pieces.

Inventory:

Hand Weapons
 l - a +0 hand axe (weapon)
Missiles
 k - 3 javelins (quivered)
Armour
 a - a +1 robe
 j - a +0 chain mail
 n - a +0 pair of boots (worn)
 q - a +0 leather armour (worn)
Jewellery
 t - a ring of flight (left hand)
Scrolls
 d - a scroll of random uselessness {unknown}
 e - a scroll of enchant armour
 g - a scroll of remove curse
 i - a scroll of identify
 o - a scroll of fear {unknown}
 p - a scroll of teleportation {unknown}
 r - a scroll of amnesia {unknown}
 s - a scroll of fog {unknown}
Potions
 f - a potion of might
 h - a potion of ambrosia
Books
 b - a book of Flames

   Spells                             Type                      Level
   a - Flame Tongue                   Conjuration/Fire             1
   b - Throw Flame                    Conjuration/Fire             2
   c - Conjure Flame                  Conjuration/Fire             3
   d - Inner Flame                    Hexes/Fire                   3
   e - Sticky Flame                   Conjuration/Fire             4
   f - Fireball                       Conjuration/Fire             5
Comestibles
 c - 3 rations
 m - a chunk of flesh


   Skills:
 + Level 1.6 Fighting
 + Level 1.3 Armour
 - Level 2.2 Dodging
 - Level 2.4 Stealth
 - Level 2.0 Spellcasting
 - Level 1.1 Conjurations
 - Level 3.0 Fire Magic


You had 5 spell levels left.
You knew the following spells:

 Your Spells              Type           Power        Failure   Level  Hunger
a - Flame Tongue          Conj/Fire      #....        12%         1    #......


Dungeon Overview and Level Annotations

Branches:
Dungeon (2/15)

Altars:
Kikubaaqudgha

Annotations:
D:2 Sigmund


Innate Abilities, Weirdness & Mutations

You are resistant to damage.
You can heal yourself by infusing magical energy.
You passively map a small area around you.
You do not regenerate.


Message History

Press: ? - help, Shift-Dir - straight line, f/p - Sigmund
Aim: Sigmund, wielding a scythe of slicing and wearing a robe (moderately wounded)
The flame tongue hits Sigmund.
Sigmund is heavily wounded.
Sigmund laughs darkly.
Sigmund gestures wildly while chanting.
Sigmund flickers and vanishes!
Deactivating autopickup; reactivate with Ctrl-A.
Casting: Flame Tongue
Confirm with . or Enter, or press ? or * to list all spells.
Aiming: Flame Tongue
Press: ? - help, Shift-Dir - straight line The flame tongue hits something.
Something hits you. Something hits you but does no damage.
You hit something. You hit something but do no damage. Something hits you!
* * * LOW HITPOINT WARNING * * *
You barely miss something. Something hits you!
You die...
Kikubaaqudgha rasps: "You have failed me!
Welcome... death!"

#.......# #(##.#
#.##..#.# #.##.#####
#.##..#.# #.##.....#
..)#.##.# #.######.#
.#......# #.# #.#
.##.#.### #.# *##.#
.##.#.######.####...#
....#...[.........###
#.###.#######.##@.#
#.###.#######.##{.#
...........##.##..#
..###.####.##.##..#
..# #.......#.##..#
.## #.####..#.##..#
.####.####..#.##..#
.##.....##........#
.##...............#


There were no monsters in sight!

Vanquished Creatures
  A worm (D:2)
  A dart slug (D:2)
  3 leopard geckos
  A ball python (D:1)
  8 bats
  3 giant cockroaches
  2 goblins
  2 hobgoblins
  4 kobolds
  A quokka (D:2)
  3 frilled lizards (D:1)
  4 rats
33 creatures vanquished.

Notes
Turn   | Place    | Note
-------+----------+-------------------------------------------
     0 | D:1      | Coron the Deep Dwarf Fire Elementalist began the quest for the Orb.
     0 | D:1      | Reached XP level 1. HP: 15/15 MP: 3/3
    89 | D:1      | Reached skill level 1 in Conjurations
   268 | D:1      | Reached XP level 2. HP: 24/24 MP: 1/5
   600 | D:1      | Reached skill level 3 in Fire Magic
   604 | D:1      | Reached skill level 1 in Fighting
  1093 | D:2      | Found an ancient bone altar of Kikubaaqudgha.
  1117 | D:2      | Became a worshipper of Kikubaaqudgha
  1330 | D:2      | Reached XP level 3. HP: 22/31 MP: 1/6
  1441 | D:2      | Reached skill level 1 in Armour
  1558 | D:2      | Noticed Sigmund
  1867 | D:2      | Mangled by Sigmund

Vault maps used:
D:1:      dpeg_arrival_chase
D:2:      kiku_gazebo_garden_becter, minmay_misc_feat_tiny, minmay_pentomino_p2,
          uniq_sigmund

Skill      XL: |  1  2  3 |
---------------+----------+-----
Conjurations   | 1 |  1.1
Spellcasting   | 2 |  2.0
Fire Magic     | 3 |  3.0
Fighting       | 1 |  1.6
Armour         | 1 |  1.3
Dodging        | |  2.2
Stealth        | |  2.4

Action                   || total
-------------------------++-------
Melee: Club              ||     7
       Hand axe          ||    42
Throw: Javelin           ||     3
 Cast: Flame Tongue      ||    44
  Use: Scroll            ||     4
 Stab: Sleeping          ||     3
  Eat: Chunk             ||     4
Armor: Robe              ||     9
       Leather armour    ||    16
Dodge: Dodged            ||    38

Table legend:
 A = Spawn XP
 B = Non-spawn XP
 C = Spawn XP percentage of total XP
 D = Spawn monster count
 E = Non-spawn monster count
 F = Spawn count percentage of total count
 G = Total turns spent on level
                    A         B        C        D         E        F      G
               +---------+---------+-------+---------+---------+-------+---------
         Total |       0 |      62 |   0.0 |       0 |      33 |   0.0 |  1867
               +---------+---------+-------+---------+---------+-------+---------
           D:1 |       0 |      26 |   0.0 |       0 |      16 |   0.0 |   976
           D:2 |       0 |      36 |   0.0 |       0 |      17 |   0.0 |   891
               +---------+---------+-------+---------+---------+-------+---------
